[Event "Titled Tuesday Blitz November 29 Early 2022"]
[White "Caruana, Fabiano"]
[Black "Fernandez Garcia, Gumersindo"]
[WhiteFideId "2020009"]
[BlackFideId "24516740"]
[WhiteElo "2847"]
[BlackElo "2140"]
[Result "1-0"]
[Round "01"]
[TimeControl "180+1"]
[Date "2022.11.30"]
[WhiteClock "0:00:25"]
[BlackClock "0:00:01"]

1. d4 Nf6 2. Nf3 e6 3. Bf4 c5 4. e3 b6 5. Nc3 a6 6. Be2 Bb7 7. O-O d6 8. a4 Be7 9. h3 O-O 10. Bh2 Nbd7 11. Nd2 Rc8 12. Bf3 Qc7 13. Re1 Rfd8 14. Qe2 Bxf3 15. Nxf3 Qb7 16. Rad1 d5 17. Ne5 Nxe5 18. dxe5 Ne4 19. Nb1 c4 20. Nc3 Nxc3 21. bxc3 b5 22. axb5 axb5 23. Rd4 f5 24. g4 Rf8 25. gxf5 Rxf5 26. Rg4 Rcf8 27. f4 Kh8 28. Bg3 Bc5 29. Kh2 Qa7 30. Bh4 R5f7 31. Bf2 b4 32. cxb4 Bxb4 33. Reg1 Bc5 34. R4g2 d4 35. exd4 Bxd4 36. Rd1 Bxf2 37. Qxf2 Qc7 38. Rd4 h6 39. Qe3 Qe7 40. Rxc4 Qh4 41. Qg3 Qh5 42. Rd4 Qf5 43. c4 Qb1 44. Qg4 Qa1 45. Rd6 Qc1 46. Rxe6 Qxc4 47. f5 Qc7 48. Rf2 Qd7 49. Rd6 Qc7 50. Qe4 Qc5 51. Rdd2 Qc8 52. e6 Rf6 53. Qe5 Qb8 54. Qxb8 Rxb8 55. e7 Kh7 56. Rd8 1-0


[Site "https://www.chess.com"]

[Event "Titled Tuesday Blitz November 29 Early 2022"]
[White "Chernobay, Artem"]
[Black "Maung, Maung Kyaw Zaw Hein"]
[WhiteFideId "4167406"]
[BlackFideId "13001698"]
[WhiteElo "2473"]
[BlackElo "2019"]
[Result "1-0"]
[Round "01"]
[TimeControl "180+1"]
[Date "2022.11.30"]
[WhiteClock "0:00:12"]
[BlackClock "0:00:04"]

1. e4 c6 2. d4 d5 3. Nd2 dxe4 4. Nxe4 Bf5 5. Ng3 Bg6 6. h4 h6 7. Nf3 Nd7 8. h5 Bh7 9. Bd3 Bxd3 10. Qxd3 e6 11. Bd2 Ngf6 12. O-O-O Be7 13. Ne4 Nxe4 14. Qxe4 Nf6 15. Qd3 Qd5 16. c4 Qe4 17. Qb3 O-O 18. Rde1 Qf5 19. Qxb7 Bd6 20. Qxc6 Rfd8 21. Qa4 Rac8 22. c5 Bf4 23. Bxf4 Qxf4+ 24. Kb1 Nd5 25. Qc2 Rb8 26. Re4 Qxe4 27. Qxe4 Nc3+ 28. Ka1 Nxe4 29. Rc1 Ng5 30. Ne5 Rxd4 31. Nc6 Rdd8 32. Nxb8 Rxb8 33. f3 e5 34. a3 a5 35. Rc4 Ne6 36. b4 axb4 37. axb4 Kf8 38. Kb2 Ke7 39. Kc3 Kd7 40. Re4 f6 41. Re1 Kc6 42. Ra1 Nd4 43. Ra6+ Kc7 44. Kc4 Nc6 45. b5 Nd8 46. Rd6 Nb7 47. b6+ Kc8 48. Rd1 Nd8 49. Kb5 Kb7 50. Rd7+ Kc8 51. Rxg7 Rb7 52. Rg8 Rf7 53. c6 f5 54. b7+ Kc7 55. Rxd8 Kxd8 56. b8=Q+ Ke7 57. Qxe5+ 1-0


[Site "https://www.chess.com"]

[Event "Titled Tuesday Blitz November 29 Early 2022"]
[White "Chernov, Mikhail"]
[Black "Slimnico"]
[WhiteFideId "24143170"]
[WhiteElo "2113"]
[BlackElo "2718"]
[Result "1-0"]
[Round "01"]
[TimeControl "180+1"]
[Date "2022.11.30"]
[WhiteClock "0:00:24"]
[BlackClock "0:00:22"]

1. e4 e5 2. Nc3 Nf6 3. Bc4 Bc5 4. d3 Nc6 5. f4 d6 6. Nf3 exf4 7. Bxf4 O-O 8. Qd2 Be6 9. Bb3 Nd4 10. O-O-O a5 11. Bxe6 fxe6 12. Nxd4 Bxd4 13. Bg5 a4 14. a3 c6 15. Ne2 Bb6 16. Rhf1 e5 17. Ng3 Qd7 18. Bxf6 Rxf6 19. Rxf6 gxf6 20. Rf1 Rf8 21. Nf5 Kh8 22. Qh6 Rf7 23. Rf3 d5 24. Nh4 dxe4 25. dxe4 Qd4 26. Rd3 Qg1+ 27. Rd1 Qe3+ 28. Qxe3 Bxe3+ 29. Kb1 Bb6 30. Nf5 Kg8 31. Nh6+ Kf8 32. Nxf7 Kxf7 33. Rd7+ Ke6 34. Rxb7 Bg1 35. Rxh7 Kd6 36. h3 Kc5 37. Ra7 Kd4 38. Rxa4+ Ke3 39. Rc4 Ke2 40. a4 Bd4 41. a5 Ke3 42. a6 Kxe4 43. a7 1-0


[Site "https://www.chess.com"]

[Event "Titled Tuesday Blitz November 29 Early 2022"]
[White "Chigaev, Maksim"]
[Black "Vlassov, Nikolai"]
[WhiteFideId "4108116"]
[BlackFideId "4103360"]
[WhiteElo "2541"]
[BlackElo "2324"]
[Result "1-0"]
[Round "01"]
[TimeControl "180+1"]
[Date "2022.11.30"]
[WhiteClock "0:00:56"]
[BlackClock "0:00:35"]

1. c4 e5 2. g3 Nc6 3. Bg2 h5 4. h4 Nf6 5. Nc3 Ng4 6. e3 d6 7. a3 Be7 8. Nf3 Be6 9. d3 O-O 10. O-O f5 11. b4 g5 12. hxg5 Bxg5 13. b5 Na5 14. Nd5 Rf7 15. Bd2 Bxd5 16. Nxg5 Bxg2 17. Nxf7 Kxf7 18. Kxg2 b6 19. Bxa5 bxa5 20. Qf3 Kg6 21. e4 f4 22. gxf4 exf4 23. Qxf4 Qd7 24. f3 Ne5 25. d4 Nxc4 26. Kh2 Kg7 27. Rg1+ 1-0


[Site "https://www.chess.com"]

[Event "Titled Tuesday Blitz November 29 Early 2022"]
[White "Corrales Jimenez, Fidel"]
[Black "Reprintsev, Alexander"]
[WhiteFideId "3506690"]
[BlackFideId "14100541"]
[WhiteElo "2541"]
[BlackElo "2230"]
[Result "1-0"]
[Round "01"]
[TimeControl "180+1"]
[Date "2022.11.30"]
[WhiteClock "0:01:57"]
[BlackClock "0:01:49"]

1. e4 d5 2. exd5 Qxd5 3. Nc3 Qa5 4. d4 Nf6 5. Bc4 Nc6 6. Ne2 Bf5 7. d5 Ne5 8. Bb3 O-O-O 9. O-O e6 10. Nd4 Bg4 11. Qe1 Bd6 12. dxe6 fxe6 13. Ncb5 Qxe1 14. Rxe1 Bc5 15. Nxe6 Bxe6 16. Bxe6+ Kb8 17. Bf4 Bd6 18. Bxe5 1-0


[Site "https://www.chess.com"]

[Event "Titled Tuesday Blitz November 29 Early 2022"]
[White "Costachi, Mihnea"]
[Black "Rosenberg, Evan S"]
[WhiteFideId "1217518"]
[BlackFideId "2019299"]
[WhiteElo "2424"]
[BlackElo "2381"]
[Result "0-1"]
[Round "01"]
[TimeControl "180+1"]
[Date "2022.11.30"]
[WhiteClock "0:00:07"]
[BlackClock "0:00:09"]

1. d4 d5 2. c4 e6 3. Nc3 c5 4. e3 Nf6 5. Nf3 a6 6. cxd5 exd5 7. a3 cxd4 8. exd4 Bd6 9. Bd3 O-O 10. O-O Bg4 11. Bg5 Be7 12. h3 Bh5 13. Be2 Nc6 14. Ne5 Bxe2 15. Qxe2 Nxd4 16. Qd3 Ne6 17. Bh4 d4 18. Ne2 Qd5 19. Nf3 Rad8 20. Rfd1 Rfe8 21. Nfxd4 Nxd4 22. Nxd4 Qh5 23. Bg3 Bc5 24. Qc4 Re4 25. Nf3 Rxc4 26. Rxd8+ Bf8 27. Bd6 Nd7 28. Re1 g5 29. Rxd7 Bxd6 30. Rxd6 g4 31. Rd8+ Kg7 32. hxg4 Rxg4 33. Re5 Qg6 34. g3 Rxg3+ 35. fxg3 Qxg3+ 36. Kf1 Qxf3+ 37. Ke1 Qg3+ 38. Kd2 Qxe5 39. Rd3 Qh2+ 40. Kc3 Qc7+ 41. Kd2 h5 42. Rc3 Qd6+ 43. Rd3 Qf4+ 44. Kc3 h4 45. Rd4 Qg3+ 46. Rd3 Qg1 47. Rd4 Qxd4+ 48. Kxd4 h3 49. Ke3 h2 50. Kf2 h1=Q 0-1


[Site "https://www.chess.com"]

[Event "Titled Tuesday Blitz November 29 Early 2022"]
[White "Cramling Bellon, Anna"]
[Black "Ilkhomi, Jaloliddin"]
[WhiteFideId "32009232"]
[BlackFideId "14700948"]
[WhiteElo "1972"]
[BlackElo "2045"]
[Result "1-0"]
[Round "01"]
[TimeControl "180+1"]
[Date "2022.11.30"]
[WhiteClock "0:00:08"]
[BlackClock "0:00:43"]

1. d4 Nf6 2. c4 e6 3. Nc3 Bb4 4. Qc2 O-O 5. e4 d5 6. cxd5 exd5 7. e5 Ne4 8. Bd3 f5 9. Nf3 c5 10. O-O cxd4 11. Nxd5 Nc6 12. Nxb4 Nxb4 13. Qb3+ Nd5 14. Bc4 Be6 15. Nxd4 Nc5 16. Nxe6 Nxb3 17. Nxd8 Nxa1 18. Bxd5+ Kh8 19. Nf7+ Kg8 20. Nd6+ Kh8 21. Bd2 Nc2 22. Bc3 a5 23. a3 b5 24. Bxa8 Rxa8 25. Rc1 b4 26. Rxc2 h6 27. Bd2 Kh7 28. Nxf5 Rf8 29. Nd6 Rd8 30. g3 b3 31. Rc7 a4 32. Bc3 Rf8 33. e6 Rc8 34. Rxc8 h5 35. e7 h4 36. e8=Q h3 37. Qh5# 1-0


[Site "https://www.chess.com"]

[Event "Titled Tuesday Blitz November 29 Early 2022"]
[White "Danielyan, Vahe"]
[Black "Deev, Andrei"]
[WhiteFideId "13304828"]
[BlackFideId "4102690"]
[WhiteElo "2423"]
[BlackElo "2289"]
[Result "1-0"]
[Round "01"]
[TimeControl "180+1"]
[Date "2022.11.30"]
[WhiteClock "0:00:54"]
[BlackClock "0:00:02"]

1. e4 d6 2. d4 Nf6 3. Nc3 c6 4. g3 b5 5. a3 e6 6. Bg2 a6 7. Nge2 Be7 8. O-O O-O 9. h3 Bb7 10. Be3 Nbd7 11. f4 e5 12. Kh2 Qc7 13. Rc1 a5 14. Nb1 Rad8 15. Nd2 Rfe8 16. c4 b4 17. d5 Bf8 18. f5 Nc5 19. g4 Nd3 20. g5 Nh5 21. Rb1 cxd5 22. cxd5 Nhf4 23. Bf3 Nxe2 24. Qxe2 Ba6 25. Rg1 Qb7 26. Qg2 g6 27. axb4 axb4 28. f6 b3 29. Ra1 Rc8 30. Rxa6 Qxa6 31. Be2 Rc2 32. Qf1 Rxb2 33. Bxd3 Qa2 34. Rg2 Rc8 35. Qf3 Rc3 36. Bb5 Qa5 37. Be8 1-0


[Site "https://www.chess.com"]

[Event "Titled Tuesday Blitz November 29 Early 2022"]
[White "Dardha, Daniel"]
[Black "Amin-Erdene, Bayanmunkh"]
[WhiteFideId "240990"]
[BlackFideId "4903161"]
[WhiteElo "2528"]
[BlackElo "1447"]
[Result "1-0"]
[Round "01"]
[TimeControl "180+1"]
[Date "2022.11.30"]
[WhiteClock "0:00:32"]
[BlackClock "0:00:01"]

1. e4 d6 2. d4 Nf6 3. f3 g6 4. c4 Bg7 5. Nc3 O-O 6. Be3 a6 7. Qd2 Nc6 8. Rc1 e5 9. Nge2 Nd7 10. d5 Ne7 11. g4 f5 12. gxf5 gxf5 13. Rg1 Ng6 14. Bg5 Qe8 15. Bh3 f4 16. Kd1 h6 17. Bd8 Qxd8 18. Rxg6 Qe8 19. Rg2 Nc5 20. Bxc8 Rxc8 21. Kc2 Kh7 22. Rcg1 Rg8 23. Nc1 b5 24. Nb3 Na4 25. Nxa4 bxa4 26. Na5 Rb8 27. Nc6 Rb6 28. Qa5 Rxc6 29. dxc6 Qxc6 30. Qd5 Qe8 31. a3 Qh5 32. Kb1 Qxf3 33. Qf7 Qxe4+ 34. Ka1 Qxg2 35. Rxg2 f3 36. Qxf3 Kh8 37. Qf5 1-0


[Site "https://www.chess.com"]

[Event "Titled Tuesday Blitz November 29 Early 2022"]
[White "Deac, Bogdan-Daniel"]
[Black "Mogranzini, Roberto"]
[WhiteFideId "1226380"]
[BlackFideId "810894"]
[WhiteElo "2648"]
[BlackElo "2469"]
[Result "1-0"]
[Round "01"]
[TimeControl "180+1"]
[Date "2022.11.30"]
[WhiteClock "0:00:05"]
[BlackClock "0:00:13"]

1. c4 c5 2. g3 g6 3. Bg2 Bg7 4. Nc3 Nc6 5. d3 d6 6. Qd2 Bd7 7. b3 Qc8 8. Bb2 Nf6 9. h4 h5 10. Nd5 e5 11. Nxf6+ Bxf6 12. Nf3 Ne7 13. Ng5 Bc6 14. Ne4 Bxe4 15. dxe4 Qc7 16. O-O-O Rd8 17. f4 Nc6 18. Rhf1 Qe7 19. e3 Kd7 20. Rf2 Kc7 21. Rdf1 Rhf8 22. f5 g5 23. hxg5 Bxg5 24. f6 Qe6 25. Rf5 Rg8 26. Kb1 Rg6 27. Qf2 Rh8 28. Bh3 Qe8 29. Bc3 h4 30. g4 a5 31. a3 b6 32. Qe2 Qe6 33. R1f3 Rhh6 34. Be1 Rh8 35. a4 Nb4 36. Qf1 Rgg8 37. Kb2 Rg6 38. Qe2 Rgg8 39. Qf1 Rg6 40. Bd2 Rgg8 41. Kb1 Rg6 42. Bc3 Rgg8 43. Be1 Rg6 44. Qg2 Rgg8 45. Qg1 Rg6 46. Bf2 Rgg8 47. Qe1 Rg6 48. Qd1 Rgg8 49. Qe2 Rg6 50. Be1 Rgg8 51. Bf1 Rg6 52. Qh2 Rgg8 53. Bh3 Rg6 54. Bc3 Nd3 55. Qd2 Nb4 56. Qh2 Nd3 57. Bf1 Nb4 58. Kb2 Nc6 59. Bh3 Rgg8 60. Qd2 Rg6 61. Qd5 Qxd5 62. exd5 Nb4 63. e4 Rhh6 64. Bg2 Rh8 65. Bh3 Rhh6 66. Be1 Rh8 67. Kc3 Rhh6 68. Bd2 Bxd2+ 69. Kxd2 Rh8 70. Kd1 Kd8 71. Rh5 Rxh5 72. gxh5 Rh6 73. Bg4 Ke8 74. Ke2 Kf8 75. Kf2 Nc2 76. Kg2 Nd4 77. Rf2 Nxb3 78. Kh3 Nd4 79. Kxh4 Ke8 80. Kg5 Kd8 81. Kxh6 Kc7 82. Kg7 Nf5+ 83. Bxf5 1-0


[Site "https://www.chess.com"]

[Event "Titled Tuesday Blitz November 29 Early 2022"]
[White "Decuigniere, Tom"]
[Black "Kuchava, Ana"]
[WhiteFideId "26093820"]
[BlackFideId "13605348"]
[WhiteElo "2252"]
[BlackElo "2001"]
[Result "1-0"]
[Round "01"]
[TimeControl "180+1"]
[Date "2022.11.30"]
[WhiteClock "0:00:50"]
[BlackClock "0:00:08"]

1. c4 e6 2. d4 d5 3. Nc3 Be7 4. cxd5 exd5 5. Bf4 c6 6. e3 Bf5 7. g4 Bg6 8. Bg3 h5 9. gxh5 Bxh5 10. Be2 Bxe2 11. Ngxe2 Nf6 12. Qd3 Nbd7 13. O-O-O Nb6 14. Kb1 Bd6 15. f3 Qd7 16. e4 dxe4 17. fxe4 Bxg3 18. Nxg3 O-O-O 19. a4 Ng4 20. Qe2 Qe7 21. a5 Nd7 22. Qxg4 Kb8 23. Nf5 Qf6 24. e5 Qe6 25. h3 g6 26. Nd6 Qxg4 27. hxg4 Rxh1 28. Rxh1 Nf8 29. Rh8 Ne6 30. Rxd8+ Nxd8 31. Kc2 Ne6 32. Kd3 Ng5 33. Nce4 Ne6 34. Nxf7 Nf4+ 35. Ke3 Nd5+ 36. Kf3 Ne7 37. Nc5 b6 38. axb6 axb6 39. Nd7+ Kc7 40. Nf8 c5 41. dxc5 bxc5 42. Ke4 Kc6 43. Nh8 g5 44. Nf7 Nd5 45. Nd8+ Kc7 46. Kxd5 Kxd8 47. Ne6+ Ke7 48. Nxg5 Kd7 49. e6+ 1-0


[Site "https://www.chess.com"]

[Event "Titled Tuesday Blitz November 29 Early 2022"]
[White "Delorme, Alban"]
[Black "Ambartsumova, Karina"]
[WhiteFideId "623636"]
[BlackFideId "4166299"]
[WhiteElo "2197"]
[BlackElo "2319"]
[Result "1-0"]
[Round "01"]
[TimeControl "180+1"]
[Date "2022.11.30"]
[WhiteClock "0:01:15"]
[BlackClock "0:00:06"]

1. d4 Nf6 2. Nf3 g6 3. g3 Bg7 4. Bg2 O-O 5. O-O d6 6. a4 a5 7. Re1 Nbd7 8. e4 e5 9. Nc3 Re8 10. h3 c6 11. Be3 Qc7 12. Qd2 exd4 13. Nxd4 Nc5 14. Bh6 Bh8 15. Rad1 Be6 16. Bf4 Rad8 17. Nxe6 Nxe6 18. Bxd6 Qb6 19. e5 Nd7 20. Qc1 Ndc5 21. Kh2 Na6 22. f4 Ng7 23. Ne4 Nf5 24. Re2 Re6 25. g4 Nxd6 26. Red2 f6 27. Rxd6 Rexd6 28. exd6 f5 29. Ng5 Qb4 30. c3 Qxa4 31. Qd2 Nc5 32. b4 axb4 33. cxb4 Ne4 34. Bxe4 fxe4 35. d7 Qb3 36. Qd6 e3 37. Qe7 e2 38. Qxd8+ Kg7 39. Qe7+ Kh6 40. Qxh7# 1-0


[Site "https://www.chess.com"]

[Event "Titled Tuesday Blitz November 29 Early 2022"]
[White "Devaev, Alexander"]
[Black "Akbas, Umut Ata"]
[WhiteFideId "4169395"]
[BlackFideId "44572646"]
[WhiteElo "2225"]
[BlackElo "2192"]
[Result "0-1"]
[Round "01"]
[TimeControl "180+1"]
[Date "2022.11.30"]
[WhiteClock "0:01:54"]
[BlackClock "0:01:57"]

1. d4 Nf6 2. c4 g6 3. Nc3 d5 4. cxd5 Nxd5 5. e4 Nxc3 6. bxc3 Bg7 7. Nf3 c5 8. Bb5+ Nc6 9. O-O O-O 10. Be3 Bg4 11. Bxc6 bxc6 12. Rc1 Qa5 13. Qd2 Rfd8 14. Rfd1 e5 15. Qb2 Rab8 16. Qa1 Bxf3 17. gxf3 cxd4 18. cxd4 exd4 19. Bxd4 Bxd4 20. Rxd4 Rxd4 21. Qxd4 Qg5+ 0-1


[Site "https://www.chess.com"]

[Event "Titled Tuesday Blitz November 29 Early 2022"]
[White "Dilanyan, Grigor"]
[Black "De Souza, Cristiano Gomes"]
[WhiteFideId "13303570"]
[BlackFideId "2151758"]
[WhiteElo "2229"]
[BlackElo "2068"]
[Result "1-0"]
[Round "01"]
[TimeControl "180+1"]
[Date "2022.11.30"]
[WhiteClock "0:01:45"]
[BlackClock "0:00:19"]

1. e4 c5 2. Nf3 d6 3. Bb5+ Bd7 4. Bxd7+ Qxd7 5. O-O Nc6 6. c3 g6 7. d4 cxd4 8. cxd4 Bg7 9. Nc3 e6 10. d5 Ne5 11. Nxe5 Bxe5 12. f4 Bg7 13. dxe6 fxe6 14. f5 exf5 15. exf5 O-O-O 16. Bg5 Rf8 17. Nd5 Rxf5 18. Qc2+ Kb8 19. Rxf5 gxf5 20. Re1 Be5 21. Rc1 h6 22. Bh4 Rh7 23. Qb3 Qe6 24. Ne7 Rxe7 25. Bxe7 Qxb3 26. Bxd6+ Bxd6 27. axb3 Ne7 28. g3 f4 29. g4 Ng6 30. Kf2 Ne5 31. Rg1 Nd3+ 32. Kf3 Nxb2 33. Ke4 Kc7 34. Rb1 Ba3 35. h4 a5 36. g5 hxg5 37. hxg5 a4 38. g6 axb3 39. g7 Nc4 40. Rd1 Ne3 41. Rg1 1-0


[Site "https://www.chess.com"]

[Event "Titled Tuesday Blitz November 29 Early 2022"]
[White "Domingo Nunez, Ruben"]
[Black "Schut, Han"]
[WhiteFideId "22245570"]
[BlackFideId "1005561"]
[WhiteElo "2406"]
[BlackElo "2024"]
[Result "0-1"]
[Round "01"]
[TimeControl "180+1"]
[Date "2022.11.30"]
[WhiteClock "0:01:16"]
[BlackClock "0:01:37"]

1. c4 Nf6 2. Nc3 d5 3. cxd5 Nxd5 4. Nf3 c5 5. e3 Nc6 6. Bb5 Nb4 7. O-O a6 8. Be2 Nd3 9. a3 e5 10. Qc2 Bf5 11. e4 Nxc1 12. Raxc1 Bg4 13. Nd5 Bxf3 14. Bxf3 Nd4 15. Qd3 Bd6 16. Bg4 O-O 17. Kh1 Qh4 18. f3 f5 19. exf5 e4 0-1


[Site "https://www.chess.com"]

[Event "Titled Tuesday Blitz November 29 Early 2022"]
[White "Drozdowski, Kacper"]
[Black "D`Arruda, Ricardo D."]
[WhiteFideId "1136720"]
[BlackFideId "100692"]
[WhiteElo "2485"]
[BlackElo "2477"]
[Result "1-0"]
[Round "01"]
[TimeControl "180+1"]
[Date "2022.11.30"]
[WhiteClock "0:00:38"]
[BlackClock "0:00:34"]

1. e4 c5 2. Nf3 Nc6 3. Nc3 e6 4. Bb5 d6 5. O-O Bd7 6. d4 cxd4 7. Nxd4 Nf6 8. Re1 Be7 9. Bg5 O-O 10. Nb3 Ne5 11. Bxd7 Nexd7 12. Qe2 a6 13. Rad1 Qc7 14. Bf4 Rac8 15. h3 b5 16. a3 Ne5 17. Bxe5 dxe5 18. Rd3 h6 19. Red1 Rfd8 20. Rxd8+ Rxd8 21. Rxd8+ Qxd8 22. Qd3 Qc7 23. Kf1 b4 24. axb4 Bxb4 25. Nd1 a5 26. c3 Be7 27. Nd2 a4 28. g3 a3 29. bxa3 Bxa3 30. Ke2 Bc5 31. Qc4 Qb6 32. Nb3 Be7 33. Nd2 Qa5 34. Nb2 Qa3 35. Nd3 Qa5 36. Qc8+ Kh7 37. Qb7 Qa3 38. Qc7 Bd6 39. Qxf7 Qxc3 40. Qxe6 Qd4 41. Qf5+ Kh8 42. Qc8+ Kh7 43. Qc4 Qxc4 44. Nxc4 Nxe4 45. Ke3 1-0


[Site "https://www.chess.com"]

[Event "Titled Tuesday Blitz November 29 Early 2022"]
[White "Dudzinski, Pawel"]
[Black "Boros, Denes"]
[WhiteFideId "1117890"]
[BlackFideId "722340"]
[WhiteElo "2086"]
[BlackElo "2464"]
[Result "0-1"]
[Round "01"]
[TimeControl "180+1"]
[Date "2022.11.30"]
[WhiteClock "0:00:05"]
[BlackClock "0:01:27"]

1. e4 b6 2. c4 Bb7 3. Nc3 c5 4. g3 g6 5. Bg2 Bg7 6. Nge2 Nc6 7. O-O h5 8. h3 d6 9. Rb1 Qd7 10. a3 f5 11. b4 h4 12. exf5 gxf5 13. d3 Ne5 14. f4 Bxg2 15. Kxg2 Ng6 16. Be3 hxg3 17. d4 Nh4+ 18. Kxg3 Qe6 19. Qd3 Qg6+ 20. Kf2 Qg2+ 21. Ke1 Nf3+ 22. Rxf3 Qxf3 23. dxc5 Rxh3 24. Kd2 Bxc3+ 25. Nxc3 Rh2+ 26. Kc1 Nf6 27. Nd1 dxc5 28. Qxf5 Rd8 29. Qg6+ Kf8 0-1


[Site "https://www.chess.com"]

[Event "Titled Tuesday Blitz November 29 Early 2022"]
[White "Durarbayli, Vasif"]
[Black "Poltorak, Sebastian"]
[WhiteFideId "13402935"]
[BlackFideId "1199498"]
[WhiteElo "2586"]
[BlackElo "2196"]
[Result "1-0"]
[Round "01"]
[TimeControl "180+1"]
[Date "2022.11.30"]
[WhiteClock "0:00:15"]
[BlackClock "0:00:07"]

1. e4 c6 2. d4 d5 3. exd5 cxd5 4. c3 Nf6 5. Bd3 Nc6 6. h3 g6 7. Nf3 Bf5 8. O-O Bg7 9. Re1 O-O 10. Na3 a6 11. Nc2 Qc7 12. Bg5 Bxd3 13. Qxd3 Ne4 14. Qe3 Nxg5 15. Qxg5 Rad8 16. Ne3 e6 17. Ng4 Qe7 18. Qf4 h5 19. Nge5 Nxe5 20. dxe5 Rc8 21. Nd4 Rc4 22. a3 Rfc8 23. Rad1 b5 24. g4 Qh4 25. Kg2 a5 26. Rd3 b4 27. Rf3 R8c7 28. cxb4 axb4 29. b3 Rc3 30. axb4 Bf8 31. b5 hxg4 32. hxg4 Bh6 33. Qg3 Qxg3+ 34. Kxg3 Bf8 35. Rxc3 Rxc3+ 36. Re3 Rc7 37. f4 Bb4 38. f5 exf5 39. gxf5 gxf5 40. Rd3 Kg7 41. Kf4 Rc1 42. Nxf5+ Kf8 43. Rxd5 Rf1+ 44. Kg5 Be7+ 45. Kg4 Rg1+ 46. Kf4 Bg5+ 47. Kf3 Rf1+ 48. Kg4 Be7 49. Rd7 Rg1+ 50. Kf4 Rf1+ 51. Ke4 Re1+ 52. Kf4 Rf1+ 53. Kg4 Rg1+ 54. Kh3 Bg5 55. b6 Rb1 56. Kg4 Rg1+ 57. Kh5 Bf4 58. Rd8# 1-0


[Site "https://www.chess.com"]

[Event "Titled Tuesday Blitz November 29 Early 2022"]
[White "Dzhaparov, Medet"]
[Black "Czopor, Maciej"]
[WhiteFideId "13803689"]
[BlackFideId "21805431"]
[WhiteElo "1702"]
[BlackElo "2324"]
[Result "0-1"]
[Round "01"]
[TimeControl "180+1"]
[Date "2022.11.30"]
[WhiteClock "0:01:30"]
[BlackClock "0:01:33"]

1. e4 g6 2. d4 c6 3. Nf3 Bg7 4. Nc3 d5 5. exd5 cxd5 6. Be3 Nf6 7. Bb5+ Nc6 8. O-O O-O 9. Bxc6 bxc6 10. Qd2 Ng4 11. h3 Nxe3 12. Qxe3 Re8 13. Rfe1 Rb8 14. Rab1 f6 15. Na4 e5 16. dxe5 fxe5 17. Qxa7 Rb7 18. Qc5 Rf7 19. Qxc6 Bb7 20. Qb6 Qxb6 21. Nxb6 e4 22. Nd2 Bd4 23. Re2 Bxb6 24. c4 d4 25. Rf1 d3 26. Ree1 e3 27. fxe3 Rxe3 28. Rxf7 Rxe1+ 0-1


[Site "https://www.chess.com"]

[Event "Titled Tuesday Blitz November 29 Early 2022"]
[White "Ehlvest, Jaan"]
[Black "Sargissyan, Sargis"]
[WhiteFideId "4500016"]
[BlackFideId "13303210"]
[WhiteElo "2430"]
[BlackElo "2109"]
[Result "1-0"]
[Round "01"]
[TimeControl "180+1"]
[Date "2022.11.30"]
[WhiteClock "0:01:56"]
[BlackClock "0:00:15"]

1. e4 e5 2. Nf3 Nc6 3. Nc3 Nf6 4. Bb5 Bb4 5. O-O O-O 6. Bxc6 dxc6 7. d3 Nd7 8. Ne2 Bd6 9. Kh1 Nc5 10. Rg1 Bg4 11. Ng3 Ne6 12. h3 Bxf3 13. Qxf3 Nd4 14. Qd1 f5 15. exf5 Nxf5 16. Nxf5 Rxf5 17. Be3 Qh4 18. Qg4 Qxg4 19. hxg4 Rf6 20. a4 a6 21. Rge1 Re8 22. f3 Bb4 23. Re2 Ba5 24. Kg1 Kf7 25. Rb1 Bb6 26. Bxb6 cxb6 27. Rbe1 Rfe6 28. Re4 h6 29. Kf2 Kf6 30. b4 Rd8 31. Rb1 Rd4 32. Ke3 Rxe4+ 33. dxe4 Rd6 34. c3 Rd7 35. g3 g5 36. Rh1 Kg6 37. Rh2 Rd8 38. Rd2 Rxd2 39. Kxd2 b5 40. a5 Kf6 41. Ke3 Ke6 42. f4 Kd6 43. fxe5+ Kxe5 44. Kd3 Kf6 45. Kd4 Ke6 46. e5 Kd7 47. Kc5 Kc7 48. e6 Kd8 49. Kb6 Ke7 50. Kxb7 Kxe6 51. Kxa6 Kd5 52. Kb7 1-0


[Site "https://www.chess.com"]

[Event "Titled Tuesday Blitz November 29 Early 2022"]
[White "Estrada Nieto, Julian"]
[Black "Kiseljova, Marya"]
[WhiteFideId "5101018"]
[BlackFideId "4155009"]
[WhiteElo "2221"]
[BlackElo "1907"]
[Result "1-0"]
[Round "01"]
[TimeControl "180+1"]
[Date "2022.11.30"]
[WhiteClock "0:00:34"]
[BlackClock "0:00:11"]

1. e4 c5 2. Nf3 Nc6 3. Bb5 e5 4. O-O Bd6 5. c3 a6 6. Ba4 b5 7. Bc2 Nge7 8. d4 cxd4 9. cxd4 Nxd4 10. Nxd4 exd4 11. Qxd4 Qc7 12. Bb3 Bxh2+ 13. Kh1 O-O 14. f4 Bg3 15. Nc3 Qc6 16. f5 d6 17. Bg5 Qc7 18. f6 Nc6 19. Qe3 Be5 20. Nd5 Qa7 21. fxg7 Bxg7 22. Qg3 Kh8 23. Rac1 Ne5 24. Nf6 Bg4 25. Qh4 Be6 26. Qxh7# 1-0


[Site "https://www.chess.com"]

[Event "Titled Tuesday Blitz November 29 Early 2022"]
[White "Eynullayev, Atilla"]
[Black "Tarnowska, Aleksandra"]
[WhiteFideId "13413570"]
[BlackFideId "1180967"]
[WhiteElo "2181"]
[BlackElo "1776"]
[Result "1/2-1/2"]
[Round "01"]
[TimeControl "180+1"]
[Date "2022.11.30"]
[WhiteClock "0:00:23"]
[BlackClock "0:00:03"]

1. Nf3 d5 2. g3 Nf6 3. Bg2 Bf5 4. O-O c6 5. d3 Nbd7 6. c4 e6 7. Qb3 Qb6 8. Be3 Qxb3 9. axb3 a6 10. Bd4 Bd6 11. Bc3 O-O 12. Nbd2 e5 13. Rfd1 Rfe8 14. e4 Bg6 15. exd5 cxd5 16. Nh4 d4 17. Ba5 b6 18. Bxa8 Rxa8 19. Nxg6 hxg6 20. b4 bxa5 21. c5 Bc7 22. Rdc1 axb4 23. Rc4 a5 24. Rxb4 Nxc5 25. Rc4 Ne6 26. b4 a4 27. b5 Nd5 28. Raxa4 Rb8 29. Ra7 Rxb5 30. Ra8+ Kh7 31. Ne4 Rb1+ 32. Kg2 Rb2 33. Rc6 Ne3+ 34. Kf3 Nd1 35. h4 g5 36. Rxe6 fxe6 37. Nxg5+ Kg6 38. Ne4 Rb3 39. Ke2 Nc3+ 40. Kf3 Nxe4 41. Kxe4 Rb2 42. Kf3 Rd2 43. Ra3 Bd6 44. Rb3 Bc5 45. g4 Kf6 46. Kg3 Rd1 47. Kf3 g6 48. Ke4 Re1+ 49. Kf3 Be7 50. Rb7 Rd1 51. g5+ Kf7 52. Ke4 Rd2 53. Kxe5 Rxd3 54. f4 Rd2 55. Rd7 d3 56. Ke4 Rd1 57. Rxd3 Rxd3 58. Kxd3 Bb4 59. Ke4 Be1 60. h5 gxh5 61. f5 exf5+ 62. Kxf5 Kg7 63. g6 h4 64. Kg4 Kxg6 65. Kh3 Kh5 66. Kg2 Kg4 67. Kh1 Kg3 68. Kg1 h3 69. Kh1 Bd2 70. Kg1 Bf4 71. Kh1 Bd2 72. Kg1 Kf3 73. Kh1 Kg4 74. Kg1 Kh4 75. Kh1 Kg3 1/2-1/2


[Site "https://www.chess.com"]

[Event "Titled Tuesday Blitz November 29 Early 2022"]
[White "Ezat, Mohamed"]
[Black "Larina, Maria"]
[WhiteFideId "10600906"]
[BlackFideId "24113182"]
[WhiteElo "2386"]
[BlackElo "1848"]
[Result "1-0"]
[Round "01"]
[TimeControl "180+1"]
[Date "2022.11.30"]
[WhiteClock "0:01:26"]
[BlackClock "0:00:09"]

1. d4 f5 2. Nc3 Nf6 3. Bg5 d5 4. Bxf6 exf6 5. e3 Be6 6. Bd3 Nc6 7. a3 Qd7 8. Qf3 g6 9. Nge2 Bf7 10. h3 O-O-O 11. g4 fxg4 12. hxg4 Bg7 13. Nf4 Kb8 14. Bb5 Qd6 15. Nd3 a6 16. Ba4 Ne7 17. Nc5 Nc8 18. b4 Nb6 19. Bb3 Rde8 20. a4 Nc4 21. Bxc4 f5 22. O-O-O fxg4 23. Qg2 1-0


[Site "https://www.chess.com"]